 Dungeon Crawl Stone Soup version 0.31.0-12-g77e489cdc1 (webtiles) character file.

Game seed: 8719337201005713012

29969 Silvore the Basher (level 13, -9/119 HPs)
             Began as a Minotaur Fighter on Mar 6, 2024.
             Was a High Priest of the Shining One.
             Mangled by a red ugly thing (12 damage)
             ... on level 13 of the Dungeon.
             The game lasted 00:17:51 (15151 turns).

Silvore the Basher (Minotaur Fighter)              Turns: 15151, Time: 00:17:51

Health: -9/119     AC: 17    Str: 26    XL:     13   Next: 18%
Magic:  13/13      EV: 18    Int:  5    God:    the Shining One [*****.]
Gold:   514        SH: 13    Dex: 10    Spells: 12/12 levels left

rFire   . . .        p - +3 mace
rCold   . . .        J - +2 buckler
rNeg    + + .        b - +0 scale mail
rPois   +            O - +2 hat {SInv}
rElec   .            t - +2 cloak {rPois}
rCorr   .            (no gloves)
SInv    +            K - +1 pair of boots
Will    +....        w - amulet of reflection Stlth
                     q - ring of willpower
HPRegen 0.39/turn    S - +5 ring of evasion
MPRegen 0.13/turn

%: reflection
@: glowing
A: horns 2, retaliatory headbutt
a: Renounce Religion, Divine Shield, Cleansing Flame, Summon Divine Warrior


You were on level 13 of the Dungeon.
You worshipped the Shining One.
The Shining One was extremely pleased with you.
You visited 2 branches of the dungeon, and saw 15 of its levels.
You also visited: Bailey.

You collected 796 gold pieces.
You donated 282 gold pieces to Zin.

Inventory:

Hand Weapons
 a - a +0 flail
 p - a +3 mace (weapon)
 A - the +6 glaive "Eriusouq" {flame, rPois Int+3}
   (You found it in a bailey)

   Int+3:     It affects your intelligence (+3).
   rPois:     It protects you from poison
Missiles
 d - 4 throwing nets (quivered)
Armour
 b - a +0 scale mail (worn)
 c - a +0 buckler
 t - a +2 cloak of poison resistance (worn)
 J - a +2 buckler (worn)
 K - a +1 pair of boots (worn)
 O - a +2 hat of see invisible (worn)
Jewellery
 e - an amulet of guardian spirit
 f - a ring of fire
 q - a ring of willpower (left hand)
 w - an amulet of reflection (around neck)
 E - an amulet of the acrobat
 H - an amulet of faith
 N - a ring of ice
 Q - a ring of positive energy
 S - a +5 ring of evasion (right hand)
Wands
 j - a wand of flame (86)
 v - a wand of charming (11)
 x - a wand of digging (15)
 I - a wand of roots (7)
 R - a wand of quicksilver (7)
Scrolls
 h - 2 scrolls of identify
 k - 3 scrolls of revelation
 m - 2 scrolls of poison
 r - 5 scrolls of teleportation
 u - 2 scrolls of blinking
 y - a scroll of amnesia
 C - 2 scrolls of butterflies
 D - 3 scrolls of immolation
 L - a scroll of enchant armour
 P - 2 scrolls of vulnerability
Potions
 g - 2 potions of attraction
 i - 2 potions of mutation
 l - 6 potions of degeneration
 o - a potion of haste
 s - 6 potions of curing
 z - a potion of cancellation
 B - a potion of lignification
 F - a potion of berserk rage
 M - a potion of brilliance
 T - a potion of magic
Miscellaneous
 G - a phantom mirror


   Skills:
 + Level 12.4 Fighting
 + Level 14.8 Maces & Flails
 + Level 12.2 Armour
 + Level 8.7 Dodging
 + Level 1.8 Stealth
 + Level 12.3 Shields
 + Level 2.0 Invocations


You had 12 spell levels left.
You didn't know any spells.
Your spell library contained the following spells:

 Spells                   Type           Power      Damage    Failure   Level
 Foxfire                  Conj/Fire      0%         2x1d4     75%         1
 Summon Small Mammal      Summ           0%         N/A       75%         1
 Call Canine Familiar     Summ           0%         N/A       98%         3
 Fugue of the Fallen      Necr           0%         N/A       98%         3
 Ozocubu's Armour         Ice            0%         N/A       98%         3
 Manifold Assault         Tloc           0%         N/A       100%        4
 Summon Blazeheart Golem  Fire/Summ      0%         N/A       100%        4
 Plasma Beam              Fire/Air       0%         2x1d10    100%        6
 Starburst                Conj/Fire      0%         6d3       100%        6
 Chain Lightning          Conj/Air       0%         N/A       100%        9
 Fire Storm               Conj/Fire      0%         5d1       100%        9
 Shatter                  Erth           0%         3d5*      100%        9


Dungeon Overview and Level Annotations

Branches:
Dungeon (14/15)            Temple (1/1) D:6            Lair (0/5) D:11
    Orc (0/2) D:11         Bailey (visited)
 Vaults: D:13-14

Altars:
Ashenzari
Cheibriados
Dithmenos
Elyvilon
Fedhas
Gozag
Hepliaklqana
Kikubaaqudgha
Makhleb
Nemelex Xobeh
Okawaru
Qazlal
Ru
Sif Muna
Trog
Uskayaw
Vehumet
Wu Jian
Xom
Yredelemnul
Zin
The Shining One

Shops:
D:8 =

Portals:
Abyss: D:12

Annotations:
D:12 2 transporters, Valrug's ghost, journeyman GrEE


Innate Abilities, Weirdness & Mutations

You have a pair of horns on your head.
You reflexively headbutt those who attack you in melee.


Message History

The skeletal warrior barely misses you. You furiously retaliate!
You headbutt the skeletal warrior! You thump the red ugly thing!
Your headbutt misses the red ugly thing.
The red ugly thing is heavily wounded.
You block the red ugly thing's attack. The red ugly thing closely misses you.
The skeletal warrior hits you with a +0 hand axe!
* * * LOW HITPOINT WARNING * * *
Unknown command.
You feel better.
The red ugly thing claws you but does no damage.
The red ugly thing basks in the mutagenic energy from its kin and changes!
The skeletal warrior closely misses you.
Okay, then.
You fail to use your ability.
The red ugly thing claws you.
* * * LOW HITPOINT WARNING * * *
You are engulfed in flames!!
* * * LOW HITPOINT WARNING * * *
The skeletal warrior hits you with a +0 hand axe!
* * * LOW HITPOINT WARNING * * *
Unknown command.
You thump the cyan ugly thing!
The cyan ugly thing is heavily wounded.
The red ugly thing completely misses you.
You furiously retaliate!
You headbutt the red ugly thing.
You block the skeletal warrior's attack.
You hit the cyan ugly thing. You headbutt the cyan ugly thing.
The cyan ugly thing is severely wounded.
The cyan ugly thing punches you but does no damage.
You block the red ugly thing's attack.
You hit the cyan ugly thing. You headbutt the cyan ugly thing.
The cyan ugly thing is almost dead.
You block the skeletal warrior's attack.
You block the cyan ugly thing's attack.
You sock the cyan ugly thing!
The cyan ugly thing is almost dead.
The red ugly thing claws you. The Shining One protects you from harm!
You are engulfed in flames!
You die...

...#.......#.......#
..##.......#.......#
..##.......#.......#
...#.......#.......#
...'.......#.......#
..##########.......#
..##.......#.......#
...#.......#....zu.#
...'.......#....@u.#
..##.......#.......#
..##.......#.......#
..#........#.......#
..#........#.......#
..#........#.......#
..#........#.......#
..'........#.......#
..#........#.......#


You could see 2 ugly things and a skeletal warrior.

Vanquished Creatures
  Gastronok (D:11)
  Josephine (D:10)
  Erolcha (D:11)
  Fannar (D:10)
  A hydra (D:13)
  2 centaur warriors (D:13)
  A catoblepas (D:13)
  4 two-headed ogres
  Erica (D:8)
  Urug (D:10)
  Nergalle (D:10)
  Pikel (D:6)
  3 ugly things
  A deep elf pyromancer (D:12)
  3 cyclopes
  3 gargoyles
  An unseen horror (D:12)
  5 trolls
  Psyche (D:11)
  Grinder (D:4)
  A hornet (D:9)
  Sigmund (D:5)
  10 slime creatures
  16 yaks
  2 shadows
  7 wraiths
  2 basilisks (D:11)
  A vampire (D:13)
  2 wyverns
  Eustachio (D:4)
  A steam dragon (D:7)
  5 vampire mosquitoes (D:11)
  3 acid dragons
  3 water moccasins
  Duvessa (D:4)
  Pargi (D:3)
  5 orc warriors
  2 ice beasts
  A black bear (D:6)
  2 sky beasts (D:7)
  3 ogres
  8 centaurs
  7 wolves (Bailey)
  A phantom (D:7)
  4 kobold brigands
  4 bullfrogs
  Blork the orc (D:5)
  9 gnoll sergeants
  6 scorpions
  3 wights (D:8)
  Dowan (D:4)
  20 killer bees
  5 howler monkeys
  2 bombardier beetles (D:4)
  8 hounds
  6 orc priests
  8 gnoll boudas
  5 jellies
  Crazy Yiuf (D:3)
  7 iguanas
  Terence (D:2)
  4 orc wizards
  Robin (D:3)
  19 gnolls
  8 adders
  3 white imps
  2 ufetubi (D:6)
  3 dart slugs
  2 ribbon worms
  37 orcs
  4 bats
  8 endoplasms
  6 giant cockroaches
  11 goblins
  18 hobgoblins
  4 jackals (D:4)
  28 kobolds
  2 quokkas
  6 ball pythons
  2 frilled lizards
  6 rats
385 creatures vanquished.

Notes
Turn   | Place    | Note
-------+----------+-------------------------------------------
     0 | D:1      | Silvore the Minotaur Fighter began the quest for the Orb.
     0 | D:1      | Reached XP level 1. HP: 19/19 MP: 0/0
   203 | D:1      | Reached XP level 2. HP: 23/27 MP: 1/1
   564 | D:2      | Reached XP level 3. HP: 30/33 MP: 2/2
   899 | D:2      | Reached skill level 3 in Maces & Flails
   994 | D:2      | Reached XP level 4. HP: 33/41 MP: 3/3
  1007 | D:2      | Noticed Terence
  1015 | D:2      | Killed Terence
  1270 | D:3      | Reached skill level 4 in Maces & Flails
  1387 | D:3      | Noticed Pargi
  1402 | D:3      | Killed Pargi
  1403 | D:3      | Reached skill level 5 in Maces & Flails
  1403 | D:3      | Reached skill level 1 in Dodging
  1403 | D:3      | Reached XP level 5. HP: 27/47 MP: 4/4
  1619 | D:3      | Noticed Robin
  1633 | D:3      | Killed Robin
  1903 | D:3      | Found a runed translucent door.
  1904 | D:3      | Noticed Crazy Yiuf
  2017 | D:3      | Reached skill level 5 in Armour
  2394 | D:3      | Killed Crazy Yiuf
  2395 | D:3      | Reached XP level 6. HP: 47/55 MP: 5/5
  2530 | D:4      | Reached skill level 5 in Fighting
  2536 | D:4      | Reached skill level 6 in Maces & Flails
  2671 | D:4      | Noticed Duvessa
  2671 | D:4      | Noticed Dowan
  2676 | D:4      | Reached XP level 7. HP: 48/61 MP: 6/6
  2684 | D:4      | Killed Duvessa
  2689 | D:4      | Killed Dowan
  3292 | D:4      | Noticed Grinder
  3318 | D:4      | Killed Grinder
  3319 | D:4      | Reached skill level 7 in Maces & Flails
  3319 | D:4      | Reached skill level 5 in Shields
  3429 | D:4      | Noticed Eustachio
  3472 | D:4      | HP: 3/61 [Eustachio/+0 falchion (5)]
  3475 | D:4      | HP: 1/61 [white imp[Eustachio] (2)]
  3685 | D:4      | Killed Eustachio
  3686 | D:4      | Reached XP level 8. HP: 68/70 MP: 7/7
  4013 | D:5      | Entered Level 5 of the Dungeon
  4049 | D:5      | Found a snail-covered altar of Cheibriados.
  4074 | D:5      | Noticed Blork the orc
  4079 | D:5      | Killed Blork the orc
  4080 | D:5      | Reached skill level 8 in Maces & Flails
  4333 | D:5      | Noticed Sigmund
  4339 | D:5      | Killed Sigmund
  4809 | D:6      | Noticed Pikel
  4835 | D:6      | Killed Pikel
  4836 | D:6      | Reached skill level 9 in Maces & Flails
  4836 | D:6      | Reached XP level 9. HP: 15/78 MP: 8/8
  5219 | D:6      | Found a staircase to the Ecumenical Temple.
  5245 | Temple   | Entered the Ecumenical Temple
  5251 | Temple   | Became a worshipper of Zin the Law-Giver
  5251 | Temple   | Reached * piety under Zin
  5257 | Temple   | Donated 107 gold pieces to Zin
  5633 | D:6      | Noticed a troll
  5672 | D:6      | Reached skill level 10 in Maces & Flails
  5759 | D:6      | Killed a troll
  5760 | D:6      | Reached skill level 1 in Stealth
  6077 | D:7      | Reached ** piety under Zin
  6699 | D:7      | Reached XP level 10. HP: 67/88 MP: 9/9
  6700 | D:7      | Reached skill level 11 in Maces & Flails
  6789 | D:7      | Reached *** piety under Zin
  6987 | D:7      | Reached skill level 5 in Dodging
  7190 | D:7      | Identified the staff "Asomaz" {^Contam rC++ rN+++ Int+4
                  | Earth}
  7567 | D:8      | Found a glowing golden altar of the Shining One.
  7570 | D:8      | Found a hide-covered altar of Uskayaw.
  7609 | D:8      | Donated 132 gold pieces to Zin
  7644 | D:8      | Found Bomoanal's Jewellery Shop.
  7756 | D:8      | Found an ancient bone altar of Kikubaaqudgha.
  7777 | D:8      | Found a broken altar of Ashenzari.
  7818 | D:8      | Noticed Erica
  7827 | D:8      | Killed Erica
  8012 | D:8      | Reached skill level 1 in Invocations
  8094 | D:8      | Fell from the grace of Zin
  8094 | D:8      | Became a worshipper of the Shining One
  8094 | D:8      | Reached * piety under the Shining One
  8137 | D:9      | Reached ** piety under the Shining One
  8162 | D:9      | Reached skill level 12 in Maces & Flails
  8303 | D:9      | Reached skill level 10 in Armour
  8533 | D:9      | Noticed a two-headed ogre
  8540 | D:9      | Killed a two-headed ogre
  8541 | D:9      | Reached XP level 11. HP: 70/97 MP: 11/11
  8649 | D:9      | Found a sparkling altar of Nemelex Xobeh.
  8879 | D:9      | Identified the +1 robe of Proximity {rPois Will- Int+3}
  8967 | D:10     | Entered Level 10 of the Dungeon
  8983 | D:10     | Found a flagged portal.
  9005 | Bailey   | Entered a bailey
  9771 | Bailey   | Identified the +6 glaive "Eriusouq" {flame, rPois Int+3}
  9772 | Bailey   | Identified the +0 robe of the Unbroken {rPois Regen+ Dex-2
                  | SInv}
  9921 | D:10     | Reached *** piety under the Shining One
  9960 | D:10     | Noticed Urug
  9984 | D:10     | Killed Urug
 10517 | D:10     | Reached skill level 10 in Fighting
 10749 | D:10     | Reached skill level 13 in Maces & Flails
 10923 | D:10     | Noticed Nergalle
 10949 | D:10     | Killed Nergalle
 11040 | D:10     | Noticed Josephine
 11072 | D:10     | Killed Josephine
 11100 | D:10     | Reached skill level 10 in Shields
 11481 | D:10     | Reached XP level 12. HP: 100/107 MP: 12/12
 11554 | D:10     | Noticed Fannar
 11567 | D:10     | Killed Fannar
 11867 | D:11     | Noticed Gastronok
 11892 | D:11     | Killed Gastronok
 12103 | D:11     | Noticed Erolcha
 12114 | D:11     | Killed Erolcha
 12176 | D:11     | Found a staircase to the Lair.
 12274 | D:11     | Reached **** piety under the Shining One
 12275 | D:11     | Reached skill level 14 in Maces & Flails
 12309 | D:11     | Noticed a two-headed ogre
 12318 | D:11     | Noticed Psyche
 12320 | D:11     | Killed a two-headed ogre
 12358 | D:11     | Killed Psyche
 12528 | D:11     | Found a staircase to the Orcish Mines.
 12579 | D:11     | Found a white marble altar of Elyvilon.
 12828 | D:12     | Found a transporter.
 12857 | D:12     | Noticed a hell hog
 12858 | D:12     | HP: 4/111 [large slime creature (28)]
 12859 | D:12     | The Shining One protects you from harm!
 12872 | D:12     | HP: 2/112 [fire elemental[a deep elf pyromancer] (7)]
 12874 | D:12     | Noticed Valrug's ghost (journeyman GrEE)
 13241 | D:12     | Noticed a two-headed ogre
 13248 | D:12     | Killed a two-headed ogre
 13446 | D:12     | Noticed a two-headed ogre
 13457 | D:12     | Killed a two-headed ogre
 13595 | D:12     | Found a transporter.
 13641 | D:12     | Found a one-way gate to the infinite horrors of the Abyss.
 14013 | D:13     | Noticed a catoblepas
 14027 | D:13     | Killed a catoblepas
 14105 | D:13     | Reached XP level 13. HP: 114/118 MP: 13/13
 14896 | D:14     | Reached ***** piety under the Shining One
 15147 | D:13     | HP: 1/119 [skeletal warrior/+0 hand axe (10)]
 15151 | D:13     | The Shining One protects you from harm!
 15151 | D:13     | Mangled by a red ugly thing

Illustrated notes

Levels and vault maps discovered:
D:1:      matt_arrival_refuge, layout_rooms, moated_statue
D:2:      layout_rooms, minmay_tetromino_o2, uniq_terence
D:3:      layout_basic, serial_glass, glass_columns_c, glass_columns_a,
          glass_columns_a, glass_columns_a, glass_columns_a, glass_columns_a,
          glass_columns_a, glass_columns_a, glass_columns_a, glass_columns_a,
          due_unseen_surprise, feat_on_display, minmay_misc_feat_roman,
          grunt_ministairs_15, minmay_misc_feat_chi, uniq_pargi, uniq_robin,
          uniq_crazy_yiuf_cottage
D:4:      layout_basic, hex_medium, uniq_duvessa, uniq_grinder, uniq_eustachio
D:5:      layout_cave_pools, kennysheep_slug_shrine, uniq_blork_the_orc,
          uniq_sigmund
D:6:      layout_loops_ring, minmay_temple_entry_junction, minmay_puff,
          uniq_pikel
D:7:      minmay_the_grid_triangle_9x9_recursive_2
          [minmay_the_grid_triangle_9x9_prize_top_heavy,
          minmay_the_grid_triangle_9x9_wacky_v,
          minmay_the_grid_triangle_9x9_negative_grid,
          minmay_the_grid_triangle_9x9_empty], layout_gridville,
          grunt_decor_mini_mirrors
D:8:      layout_rooms, minitemple, jmf_multi_god_temple2,
          minmay_shop_enchanted_jewellery, uniq_erica
D:9:      layout_rooms, lemuel_tele_altar
D:10:     layout_roguey, enter_bailey_2, special_room [special_room_orc],
          hangedman_decor_lopped, kennysheep_generic_room_6, uniq_josephine,
          uniq_urug, uniq_nergalle, uniq_fannar
D:11:     layout_rooms, david_lair_generic, david_orc_3,
          nicolae_elyvilon_peaceful_grove, uniq_gastronok, uniq_erolcha,
          uniq_psyche
D:12:     layout_loops_ring, gammafunk_ghost_abyssal_escape
D:13:     layout_gridville
D:14:     layout_loops_ring, lightli_vaults_fourway_checkpoint,
          serial_park_square3 [serial_park_minivault_5x5_5],
          ebering_ghost_reflecting_pool, serial_shops,
          nicolae_shop_back_alley_shop, nicolae_diode_basic
Temple:   nicolae_temple_x_marks_the_god

Skill      XL: |  1  2  3  4  5  6  7  8  9 10 11 12 13 |
---------------+----------------------------------------+-----
Fighting       | 4 5 6 8 9 10 12 | 12.4
Armour         | 4 5 6 8 9 10 11 12 | 12.2
Shields        | 4 5 6 7 10 11 12 | 12.3
Maces & Flails | 3 5 6 7 9 10 12 13 14 | 14.8
Dodging        | 1 2 3 4 6 7 8 |  8.7
Stealth        | 1 |  1.8
Invocations    | 1 2 |  2.0

Action                     |  1- 3 |  4- 6 |  7- 9 | 10-12 | 13-15 || total
---------------------------+-------+-------+-------+-------+-------++-------
  Melee: Flail             |    84 |     6 |       |       |       ||    90
         Headbutt          |    12 |    15 |    52 |   263 |    32 ||   374
         Mace              |       |   100 |   306 |   860 |    64 ||  1330
 Invoke: Recite            |       |       |     1 |     2 |       ||     3
         Donate Gold       |       |       |     1 |     1 |       ||     2
         Cleansing Flame   |       |       |       |     1 |       ||     1
    Use: Scroll            |     3 |     6 |    11 |    10 |     2 ||    32
         Potion            |       |     2 |     3 |    10 |     1 ||    16
 Armour: Scale mail        |    51 |    85 |   229 |   479 |    57 ||   901
  Dodge: Dodged            |    43 |    57 |   132 |   342 |    50 ||   624
  Block: Buckler           |    20 |    32 |    77 |   521 |    69 ||   719
         Reflection        |       |       |       |    11 |    19 ||    30
